AoeStats
← tavoo

Arabian Desert

509815649Analyzed
1v1 RM · 5d ago on Sep 28, 2026· 20m 39s· 2 players
Game mode
Random Map
Map size
Tiny (2 player)
Population
200
Speed
Normal
Resources
Standard
Victory
Conquest
Starting age
Dark Age
Ending age
Imperial Age
RankedLock teamsTeams togetherTeam positionsShared explorationLock speedFull tech treeHidden civsTurbo modeCheats
Victory
Defeat
🇲🇽 Burmese · Mexico
1354
+17
🇦🇷 Vikings · Argentina
1374
-17
tavoo
7:14 Loom
9:40 Feudal Age
9:45 Man-at-Arms
13:30 Fletching
15:36 Padded Archer Armor
Xam
7:11 Loom
9:45 Feudal Age
9:49 Man-at-Arms
10:19 Double-Bit Axe
17:50 Padded Archer Armor
18:32 Fletching
Connection lost

Rejoining the realm…

Still unreachable

The connection could not be restored.

Session expired

The server has moved on; the page needs a fresh start.